 Dungeon Crawl Stone Soup version 0.25.1-2-g60ff931df9 (webtiles) character file.

Game seed: 16464305689785928053

6 DerDa the Digger (level 1, -14/10 HPs)
             Began as a Gargoyle Earth Elementalist on Sept 26, 2020.
             Demolished by a goblin
             ... wielding a +0 lajatang
              (18 damage)
             ... on level 2 of the Dungeon.
             The game lasted 00:01:36 (331 turns).

DerDa the Digger (Gargoyle Earth Elementalist)       Turns: 331, Time: 00:01:36

Health: -14/10     AC:  4    Str: 11    XL:     1   Next: 90%
Magic:  3/3        EV: 12    Int: 15    God:
Gold:   19         SH:  0    Dex: 10    Spells: 3/4 levels left

rFire    . . .     SeeInvis .   e - +0 dagger
rCold    . . .     Gourm    .   (no shield)
rNeg     + . .     Faith    .   c - +0 robe
rPois    ∞         Spirit   .   (no helmet)
rElec    +         Reflect  .   (no cloak)
rCorr    .         Harm     .   (no gloves)
MR       .....                  (no boots)
Stlth    ++........             (no amulet)
HPRegen  0.03/turn              (no ring)
MPRegen  0.08/turn              (no ring)

@: no status effects
A: negative energy resistance 1, electricity resistance, unbreathing,
petrification resistance, rot immunity, AC +2
a: no special abilities


You were on level 2 of the Dungeon.
You were not hungry.

You visited 1 branch of the dungeon, and saw 2 of its levels.

You collected 19 gold pieces.

Inventory:

Hand Weapons
 e - a +0 dagger (weapon)
Missiles
 b - 18 stones (quivered)
Armour
 c - a +0 robe (worn)
Scrolls
 a - a scroll of identify {unknown}
Potions
 g - a potion of invisibility {unknown}
Comestibles
 d - a ration


   Skills:
 - Level 1.5 Dodging
 - Level 2.1 Stealth
 * Level 2.2 Spellcasting
   Level 0.7 Transmutations
 * Level 3.9 Earth Magic


You had 3 spell levels left.
You knew the following spells:

 Your Spells              Type           Power        Failure   Level  Hunger
a - Sandblast             Erth           ##....       4%          1    #......

Your spell library contained the following spells:

 Spells                   Type           Power        Failure   Level  Hunger
 Passwall                 Tmut/Erth      #.......     13%         2    ###....
 Stone Arrow              Conj/Erth      #.....       28%         3    ###....
 Petrify                  Tmut/Erth      #.......     63%         4    #####..
 Lee's Rapid Deconstruct  Erth           ##........   75%         5    ######.


Dungeon Overview and Level Annotations

Branches:
Dungeon (1/15)

Altars:


Innate Abilities, Weirdness & Mutations

You are resistant to torment.
Your stone body is resilient. (AC +2)
You are immune to poison.
You resist negative energy. (rN+)
You are resistant to electric shocks. (rElec)
You can survive without breathing.
You are immune to petrification.
You are immune to rotting.


Message History

Found a fizzy pink potion, a tower shield and 3 scrolls labeled JOMOMATICE.
The quokka barely misses you.
The quokka bites you but does no damage.
The quokka closely misses you. The quokka completely misses you.
The quokka barely misses you.
The quokka twitches its whiskers.
The quokka barely misses you.
A goblin comes into view. It is wielding a +0 lajatang.
The quokka completely misses you.
Found a stone staircase leading down.
Casting: Sandblast (safe; 4% risk of failure)
Confirm with . or Enter, or press ? or * to list all spells.
You don't know that spell.
The goblin shouts!
The quokka completely misses you.
The goblin drinks a potion.
The goblin seems to grow stronger.
The goblin hits you with a +0 lajatang!!
Ouch! That really hurt!
You die...

############
#..........#
#..........#
#..........##########
#..>.......r...o.r...
#........o.########..
#.........(.# #..
#....g.g....# ###
#...@r......#
###'#######.## #.
#...# #. #...# #.
#####...######## ..
................ ..
..##...######## ..
#..o'.......
#...#.#.....


You could see an orc, a quokka, 2 goblins and a rat.

Vanquished Creatures
  A bat (D:1)
  2 goblins (D:1)
  A kobold (D:2)
  A frilled lizard (D:1)
5 creatures vanquished.

Notes
Turn   | Place    | Note
-------+----------+-------------------------------------------
     0 | D:1      | DerDa the Gargoyle Earth Elementalist began the quest for
                  | the Orb.
     0 | D:1      | Reached XP level 1. HP: 10/10 MP: 3/3
   168 | D:1      | You fall into a shaft and drop 1 floor!
   331 | D:2      | Demolished by a goblin

Illustrated notes

Levels and vault maps discovered:
D:1:      psy_arrival_conway, layout_loops_corners
D:2:      layout_basic

Action                   || total
-------------------------++-------
Melee: Dagger            ||     8
 Cast: Sandblast         ||    12
Armor: Robe              ||     9
Dodge: Dodged            ||    18
